Map: Mech Depot LE

Players

SamuraiFunn - Winner!

  • Race: Protoss Protoss
  • Spawn Location: 7:00

A.I. 1 (Harder)

  • Race: Protoss Protoss
  • Spawn Location: 1:00

VOD

Have the link to the VOD?

Description

Time

  • Played on: Nov. 3, 2017, 9:35 p.m.
  • Length: 17:23
Show
View Real Time Build Order
Export as new Build Order

SamuraiFunn Protoss - Winner!

Build Orders:  

Get SALT Encoding   

  12  0:01  Probe (Chrono Boost)  
  13  0:13  Probe (Chrono Boost)  
  14  0:23  Pylon  
  14  0:24  Probe (Chrono Boost)  
  15  0:41  Probe (Chrono Boost)  
  16  0:45  Gateway  
  16  0:52  Probe (Chrono Boost)  
  17  1:02  Probe (Chrono Boost)  
  18  1:05  Gateway  
  18  1:13  Probe (Chrono Boost)  
  19  1:19  Pylon  
  19  1:25  Assimilator  
  19  1:28  Probe (Chrono Boost)  
  20  1:34  Zealot  
  22  1:40  Cybernetics Core  
  22  1:44  Probe (Chrono Boost)  
  23  1:47  Assimilator  
  23  1:55  Probe (Chrono Boost)  
  23  1:57  Zealot  
  26  2:05  Probe (Chrono Boost)  
  26  2:16  Probe (Chrono Boost)  
  26  2:22  Zealot  
  29  2:26  Probe (Chrono Boost)  
  31  2:37  Probe (Chrono Boost)  
  31  2:44  Pylon  
  31  2:49  Pylon  
  31  2:59  Twilight Council  
  31  3:02  Probe (Chrono Boost), Zealot  
  34  3:07  Sentry  
  37  3:12  Probe (Chrono Boost)  
  37  3:16  Gateway, Warp Gate  
  37  3:34  Nexus  
  37  3:37  Pylon  
  37  3:44  Assimilator  
  37  3:45  Probe (Chrono Boost)  
  37  3:46  Zealot  
  40  3:54  Zealot  
  42  3:59  Charge  
  42  4:11  Probe (Chrono Boost)  
  42  4:13  Sentry  
  45  4:22  Probe (Chrono Boost)  
  46  4:28  Zealot x2  
  50  4:37  Forge  
  50  4:54  Probe x2 (Chrono Boost)  
  50  4:55  Zealot  
  50  4:56  Zealot  
  50  4:57  Zealot  
  58  5:04  Probe (Chrono Boost)  
  59  5:20  Assimilator  
  51  5:36  Probe x2 (Chrono Boost), Zealot  
  51  5:37  Zealot x2  
  59  5:49  Protoss Ground Weapons Level 1  
  59  6:09  Probe x2 (Chrono Boost)  
  61  6:17  Stargate x2  
  61  6:20  Stargate  
  61  6:24  Probe (Chrono Boost)  
  61  6:25  Probe (Chrono Boost)  
  63  7:25  Nexus  
  63  7:28  Void Ray, Assimilator  
  67  7:32  Assimilator  
  67  7:34  Protoss Air Weapons Level 1  
  67  7:36  Pylon  
  67  7:40  Pylon  
  67  7:43  Protoss Ground Armor Level 1  
  67  7:46  Probe x2 (Chrono Boost)  
  67  7:50  Pylon  
  69  7:52  Pylon  
  69  7:54  Void Ray x2  
  69  7:56  Probe (Chrono Boost)  
  69  7:58  Probe (Chrono Boost)  
  79  8:00  Zealot x2  
  79  8:01  Zealot  
  85  8:16  Gateway x2  
  85  8:21  Gateway  
  85  8:43  Probe x2 (Chrono Boost)  
  85  8:45  Zealot x2  
  85  8:46  Zealot  
  93  8:49  Void Ray  
  93  8:50  Void Ray  
  93  8:55  Probe x2 (Chrono Boost)  
  84  9:28  Protoss Air Armor Level 1  
  70  9:32  Zealot  
  70  10:53  Zealot x4  
  70  10:54  Zealot  
  80  10:58  Void Ray x3  
  92  11:45  Pylon  
  92  11:49  Nexus  
  92  11:59  Probe x2 (Chrono Boost)  
  94  12:05  Stalker x3  
  94  12:06  Stalker x3  
  106  12:38  Probe x2 (Chrono Boost)  
  106  12:39  Robotics Facility  
  100  12:49  Probe x2 (Chrono Boost)  
  92  13:01  Stalker x2  
  92  13:02  Stalker x4  
  104  13:18  Probe x2 (Chrono Boost)  
  107  13:23  Mothership Core (Chrono Boost)  
  108  13:28  Stalker x3  
  108  13:29  Stalker x2  
  106  13:54  Void Ray x3  
  88  14:37  Void Ray x3  
  100  14:46  Warp Prism  
  102  15:21  Warp Prism  
  96  16:11  Stalker x4  
  98  16:12  Stalker x2  
  106  16:20  Void Ray x3  
  116  16:45  Stalker x2  
  116  16:46  Stalker  
  114  16:50  Stalker  
  114  16:51  Stalker x2  
Show
View Real Time Build Order
Export as new Build Order

A.I. 1 (Harder) Protoss 

Build Orders:  

Get SALT Encoding   

  12  0:01  Probe (Chrono Boost)  
  13  0:11  Probe (Chrono Boost)  
  14  0:20  Pylon  
  14  0:22  Probe (Chrono Boost)  
  15  0:39  Probe (Chrono Boost)  
  16  0:46  Assimilator  
  16  0:49  Probe (Chrono Boost), Gateway  
  17  1:00  Probe (Chrono Boost)  
  17  1:01  Pylon  
  18  1:10  Probe (Chrono Boost)  
  19  1:22  Probe (Chrono Boost)  
  20  1:33  Zealot  
  20  1:38  Cybernetics Core  
  22  1:44  Gateway  
  22  1:48  Assimilator  
  22  1:57  Zealot  
  24  2:08  Pylon  
  24  2:12  Warp Gate  
  24  2:23  Zealot  
  26  2:30  Zealot  
  28  2:43  Pylon  
  28  2:49  Stalker  
  30  2:56  Stalker  
  32  3:03  Probe (Chrono Boost)  
  33  3:14  Probe (Chrono Boost)  
  33  3:17  Adept  
  36  3:24  Pylon  
  36  3:25  Stalker  
  36  3:27  Probe (Chrono Boost)  
  39  3:32  Forge  
  39  3:38  Probe (Chrono Boost)  
  40  3:43  Zealot  
  42  3:50  Probe (Chrono Boost)  
  43  4:02  Probe (Chrono Boost)  
  44  4:30  Protoss Ground Weapons Level 1  
  44  4:34  Adept  
  44  4:35  Gateway  
  46  4:39  Pylon  
  46  4:41  Adept  
  48  4:53  Adept  
  48  4:57  Nexus  
  50  5:00  Sentry  
  52  5:13  Adept  
  54  5:21  Pylon  
  54  5:22  Adept  
  50  5:30  Sentry  
  44  5:37  Stalker  
  44  5:44  Zealot  
  46  5:52  Adept  
  48  5:59  Stalker  
  50  6:07  Stalker  
  50  6:08  Robotics Facility  
  52  6:14  Adept  
  52  6:16  Protoss Ground Armor Level 1  
  54  6:21  Zealot  
  54  6:25  Probe (Chrono Boost)  
  57  6:27  Probe (Chrono Boost)  
  57  6:28  Adept  
  60  6:36  Probe (Chrono Boost)  
  60  6:39  Probe (Chrono Boost)  
  63  6:47  Photon Cannon, Probe (Chrono Boost)  
  63  6:50  Probe (Chrono Boost)  
  64  6:55  Observer  
  64  6:58  Photon Cannon, Probe (Chrono Boost)  
  64  7:01  Probe (Chrono Boost)  
  67  7:08  Pylon  
  67  7:10  Probe (Chrono Boost), Pylon  
  67  7:12  Probe (Chrono Boost)  
  67  7:15  Observer  
  69  7:21  Probe (Chrono Boost)  
  69  7:22  Stargate  
  71  7:23  Probe (Chrono Boost)  
  72  7:32  Photon Cannon  
  72  7:33  Probe (Chrono Boost)  
  72  7:34  Probe (Chrono Boost)  
  74  7:42  Photon Cannon  
  74  7:44  Probe (Chrono Boost)  
  75  7:46  Probe (Chrono Boost)  
  75  7:47  Twilight Council  
  76  7:54  Forge  
  76  7:55  Probe (Chrono Boost)  
  76  7:57  Probe (Chrono Boost)  
  79  8:05  Probe (Chrono Boost)  
  79  8:24  Assimilator  
  79  8:29  Warp Prism, Void Ray, Assimilator  
  79  8:35  Stalker x2  
  79  8:38  Robotics Facility  
  79  8:40  Stargate  
  85  8:43  Pylon  
  85  8:50  Fleet Beacon  
  85  8:52  Nexus  
  85  9:01  Warp Prism  
  85  9:21  Warp Prism  
  73  9:28  Stargate  
  73  9:30  Void Ray  
  63  9:35  Observer  
  62  9:40  Void Ray  
  66  10:09  Tempest  
  72  10:15  Tempest  
  78  10:22  Assimilator  
  78  10:27  Stargate  
  78  10:28  Assimilator  
  78  10:29  Phoenix  
  78  10:31  Probe (Chrono Boost)  
  78  10:35  Probe x2 (Chrono Boost)  
  84  10:43  Probe (Chrono Boost)  
  84  10:46  Probe (Chrono Boost)  
  84  10:48  Probe (Chrono Boost), Tempest  
  86  10:51  Protoss Air Weapons Level 1, Oracle  
  86  10:54  Probe (Chrono Boost)  
  97  10:57  Probe (Chrono Boost)  
  97  10:59  Probe (Chrono Boost)  
  98  11:05  Probe (Chrono Boost)  
  98  11:09  Probe (Chrono Boost)  
  101  11:11  Probe (Chrono Boost)  
  101  11:16  Probe (Chrono Boost)  
  101  11:17  Stargate  
  102  11:21  Probe (Chrono Boost)  
  102  11:22  Probe (Chrono Boost)  
  104  11:33  Robotics Bay  
  104  11:43  Pylon  
  104  11:46  Pylon  
  104  12:00  Nexus  
  104  12:06  Zealot  
  104  12:08  Photon Cannon  
  106  12:09  Stalker  
  106  12:10  Photon Cannon  
  106  12:11  Stalker  
  106  12:14  Gateway  
  110  12:19  Observer Gravitic Boosters  
  110  12:25  Zealot  
  110  12:29  Adept  
  114  12:31  Pylon  
  114  12:32  Zealot  
  116  12:38  Protoss Air Armor Level 1  
  116  12:43  Sentry  
  115  12:48  Phoenix, Zealot  
  105  12:52  Zealot  
  105  12:53  Void Ray  
  111  13:05  Stalker  
  95  13:06  Void Ray  
  95  13:07  Stalker  
  95  13:08  Gateway  
  95  13:11  Phoenix, Stalker  
  103  13:13  Blink  
  103  13:14  Gravitic Drive  
  103  13:16  Protoss Ground Weapons Level 2, Stalker  
  107  13:20  Protoss Ground Armor Level 2  
  107  13:25  Assimilator  
  107  13:27  Zealot  
  107  13:29  Sentry  
  107  13:32  Stalker  
  113  13:36  Assimilator  
  113  13:38  Adept  
  113  13:39  Phoenix  
  113  13:40  Probe (Chrono Boost)  
  113  13:41  Probe (Chrono Boost)  
  113  13:43  Probe x2 (Chrono Boost)  
  113  13:47  Stalker  
  99  13:51  Stalker  
  99  13:53  Zealot  
  83  13:57  Zealot  
  83  14:02  Stalker  
  81  14:06  Probe (Chrono Boost)  
  81  14:07  Probe (Chrono Boost)  
  81  14:08  Sentry  
  79  14:11  Probe (Chrono Boost)  
  79  14:12  Zealot  
  79  14:15  Stalker  
  71  14:17  Zealot  
  53  14:37  Stalker  
  55  14:42  Stalker  
  57  14:47  Stalker  
  57  14:48  Zealot, Stalker  
  57  14:50  Mothership Core (Chrono Boost)  
  65  15:01  Zealot  
  67  15:07  Templar Archives  
  67  15:17  Sentry  
  67  15:23  Void Ray  
  69  15:31  Disruptor  
  72  15:39  Zealot  
  73  15:43  Zealot  
  73  15:47  Stalker  
  74  15:51  Sentry  
  74  15:56  Zealot  
  70  16:00  Zealot  
  70  16:04  Nexus, Stalker  
  60  16:09  Sentry  
  60  16:12  Stalker  
  60  16:14  Stalker  
  60  16:19  Stalker  
  53  16:26  High Templar  
  53  16:30  Stalker  
  45  16:34  High Templar  
  40  16:40  Archon  
  39  16:53  Pylon  
Tags
 
Matchup
PvP
Replay Pack
First 100 games
Spawn Locations
Cross Positions
Add a new tag
Caveats
  • Supply blocks, unpowered buildings, or Contaminate may cause inaccurate times.
  • Supply counts are checked every 10 seconds.